 Dungeon Sprint DCSS version 0.22-a0-157-g169b76a (webtiles) character file.

52 esc the Protected (level 9, -1/81 HPs)
             Began as a Barachi Fighter on Feb 8, 2018.
             Was a High Priest of the Shining One.
             Succumbed to a black mamba's poison
             ... in the Dungeon (Sprint VI: "Thunderdome").
             The game lasted 00:09:03 (483 turns).

esc the Protected (Barachi Fighter)                  Turns: 483, Time: 00:09:04

Health: -1/81      AC: 11    Str: 26    XL:     9   Next: 22%
Magic:  11/11      EV: 14    Int:  8    God:    the Shining One [*****.]
Gold:   103        SH: 12    Dex: 12    Spells: 8/8 levels left

rFire    . . .     SeeInvis +   a - +0 long sword
rCold    + . .     Gourm    .   c - +0 shield
rNeg     + + +     Faith    .   b - +0 scale mail
rPois    .         Spirit   .   (no helmet)
rElec    +         Reflect  .   (no cloak)
rCorr    .         Harm     .   (no gloves)
MR       +....     NoTele   +   (no boots)
Stlth    ..........             s - amulet of Joshre {RegenMP MR+ Str+2}
HPRegen  0.23/turn              q - ring of Duwkos {rC+ rN+ Dex+3}
MPRegen  0.37/turn              r - ring "Oromat" {rElec AC+2 Str+5 Dex-5 SInv}

@: lethally poisoned (-1 -> -17), glowing, slow
A: +LOS, swims, slowness 1, strong legs 1
a: Hop, Divine Shield, Cleansing Flame, Summon Divine Warrior, Renounce Religion


You were in the Dungeon.
You worshipped the Shining One.
The Shining One was extremely pleased with you.
You were not hungry.

You visited 1 branch You collected 280 gold pieces.
You spent 177 gold pieces at shops.

Inventory:

Hand Weapons
 a - a +0 long sword (weapon)
Armour
 b - a +0 scale mail (worn)
 c - a +0 shield (worn)
Jewellery
 q - the ring of Duwkos (left hand) {rC+ rN+ Dex+3}
   (You bought it in a shop in the Dungeon)

   [ring of dexterity]

   It affects your dexterity (+3).
   It protects you from cold.
   It protects you from negative energy.
 r - the ring "Oromat" (right hand) {rElec AC+2 Str+5 Dex-5 SInv}
   (You bought it in a shop in the Dungeon)

   [ring of protection]

   It affects your AC (+2).
   It affects your strength (+5).
   It affects your dexterity (-5).
   It insulates you from electricity.
   It lets you see invisible.
 s - the amulet of Joshre (around neck) {RegenMP MR+ Str+2}
   (You bought it in a shop in the Dungeon)

   [amulet of magic regeneration]

   It increases your magic regeneration.
   It affects your strength (+2).
   It affects your resistance to hostile enchantments.
Wands
 j - a wand of polymorph (13)
   (You took it off Sigmund in the Dungeon)
 l - a wand of acid (2)
   (You found it in the Dungeon)
 m - a wand of iceblast (1)
   (You found it in the Dungeon)
Scrolls
 k - 4 scrolls of blinking {!r}
 n - 3 scrolls of fog
Potions
 d - a potion of might
 h - 4 potions of haste
 i - 2 potions of magic
 o - a potion of resistance
Comestibles
 f - a ration


   Skills:
 + Level 11.4 Fighting
 + Level 11.1 Long Blades
 + Level 11.5 Armour
 + Level 8.3 Dodging
 + Level 10.6 Shields
 + Level 3.5 Invocations


You had 8 spell levels left.
You didn't know any spells.

Dungeon Overview and Level Annotations

Branches:
Dungeon (1/1)

Altars:
Cheibriados
Dithmenos
Fedhas
Gozag
Kikubaaqudgha
Makhleb
Okawaru
Qazlal
Ru
Sif Muna
Trog
Uskayaw
Vehumet
Wu Jian
Xom
Yredelemnul
Zin
The Shining One
Beogh
Jiyva
Lugonu

Shops:
D *[%??*?*:[((!!!!


Innate Abilities, Weirdness & Mutations

Shadows flee at your approach. (+LOS)
You can swim through water.
You cover ground slowly.
You can hop short distances.


Message History

Aim: an orange demon (moderately wounded, haloed)
Okay, then.
Unknown command.
Okay, then.
Aim: an orange demon (moderately wounded, haloed)
The bolt of acid hits the orange demon.
The orange demon is splashed with acid.
The acid corrodes the orange demon!
You feel sick.
Aim: an orange demon (severely wounded, covered in acid, haloed)
The mass of ice explodes!
The iceblast engulfs the orange demon.
You feel sick. The orange demon barely misses you.
You take 1 damage, and have 22/74 hp.
MP restored: 9
Aim: an orange demon (almost dead, covered in acid, haloed)
The mass of ice explodes!
The iceblast engulfs the orange demon.
You kill the orange demon!
The Shining One accepts your kill.
You feel better.
Your Fighting skill increases to level 11!
Your Armour skill increases to level 11!
Your Dodging skill increases to level 8!
You have reached level 9!
Your experience leads to an increase in your attributes!
Your base attributes are Str 19, Int 8, Dex 13.
Increase (S)trength, (I)ntelligence, or (D)exterity?
You feel agile.
You regained 10 hp, and now have 32/81 hp.
You start resting.
You feel sick. 20...
You feel sick.
You take 2 damage, and have 30/81 hp.
You start resting.
You feel sick. x2 15...
MP restored: 11 You start resting.
You feel sick. 10...
You feel sick.
You take 1 damage, and have 29/81 hp.
You start resting.
Your attacks no longer feel as feeble.
You start resting.
You feel sick. 5...
You are ready to hop once more.
You start resting. 4...
You start resting. 3...
You start resting. 2...
You feel sick.
You start resting. 1...
You start resting.
Time's up!
The arena falls silent.
You lost your score multiplier.
You now have 52 arena points (gained 18).
You now have 103 gold pieces (gained 30).
You start resting.
You feel sick.
You are no longer poisoned.
You start resting.
Get ready!
You regained 2 hp, and now have 31/81 hp.
You start resting.
ROUND 4!
FIGHT!
You sense a tension in the south.
You start resting.
A black mamba comes into view.
The black mamba hisses angrily.
All of the chunks of flesh in your inventory have rotted away.
You block the black mamba's attack.
You hit the black mamba. The black mamba barely misses you.
You riposte.
You barely miss the black mamba. You slash the black mamba!
The black mamba bites you! You block the black mamba's attack.
You take 8 damage, and have 25/81 hp.
You hit the black mamba. The black mamba barely misses you. x2
You closely miss the black mamba. You block the black mamba's attack.
You closely miss the black mamba. You block the black mamba's attack.
The black mamba bites you but does no damage.
You slash the black mamba! The black mamba bites you!
* * * LOW HITPOINT WARNING * * *
You take 10 damage, and have 16/81 hp.
You are too injured to fight recklessly!
Unknown command.
You hit the black mamba. You block the black mamba's attack.
The black mamba bites you!
* * * LOW HITPOINT WARNING * * *
You are lethally poisoned!
The black mamba poisons you!
You take 14 damage, and have 2/81 hp.
Okay, then.
You hit the black mamba.
You kill the black mamba!
Your Long Blades skill increases to level 11!
Your Invocations skill increases to level 3!
* * * LOW HITPOINT WARNING * * *
You feel sick.
You take 1 damage, and have 1/81 hp.
You die...

...[###......___∩##
..8.# #.8........∩###
.[..###.............##
.###...###..........⌠#
.# #.<.# #..........⌠#
.###...###..........⌠#
....###.............##
..8.# #.8........∩###
....###......___@##
8.........8.######
...........⌠#
#.........###
#_......._#
#_........#
#_.4....._#
#∩.......∩#
##∩.....∩##


There were no monsters in sight!

Vanquished Creatures
  5 orange demons (D)
  A black mamba (D)
  Sigmund (D)
  Jessica (D)
  4 adders (D)
  An adder skeleton (D)
  2 ball pythons (D)
  A hobgoblin (D)
  A rat (D)
17 creatures vanquished.

Notes
Turn   | Place    | Note
-------+----------+-------------------------------------------
     0 | D        | esc the Barachi Fighter began the quest for the Orb.
     0 | D        | Reached XP level 1. HP: 18/18 MP: 1/1
     1 | D        | Found a deep blue altar of Sif Muna.
     1 | D        | Found an ornate altar of the Wu Jian Council.
     1 | D        | Found a sacrificial altar of Ru.
     1 | D        | Found a blossoming altar of Fedhas.
     2 | D        | Found an ancient bone altar of Kikubaaqudgha.
     2 | D        | Found a viscous altar of Jiyva.
     3 | D        | Found Tuomyes's Identification Station.
     3 | D        | Found a glowing golden altar of the Shining One.
     3 | D        | Found Pisugekk's Delicious Food.
     3 | D        | Found a stormy altar of Qazlal.
     4 | D        | Found Pafuu's Advanced Armour.
     4 | D        | Found Qery's Jewellery.
     4 | D        | Found an iron altar of Okawaru.
     4 | D        | Found a bloodstained altar of Trog.
     4 | D        | Found a glowing silver altar of Zin.
     5 | D        | Round 1.
     7 | D        | Found a roughly hewn altar of Beogh.
    11 | D        | Became a worshipper of the Shining One
    15 | D        | Found Ifimne's Magic Scroll Shop.
    22 | D        | Found a hide-covered altar of Uskayaw.
    22 | D        | Found Qyekk's Magic Scroll Shop.
    22 | D        | Found Delixac's Must-Have Magic.
    23 | D        | Found a burning altar of Makhleb.
    23 | D        | Found a shimmering altar of Xom.
    23 | D        | Found Tuxzenog's Staff Store.
    24 | D        | Noticed Sigmund
    34 | D        | Noticed Jessica
    34 | D        | Reached * piety under the Shining One
    36 | D        | Killed Sigmund
    36 | D        | Reached skill level 7 in Fighting
    36 | D        | Reached skill level 6 in Long Blades
    36 | D        | Reached skill level 7 in Armour
    36 | D        | Reached skill level 6 in Shields
    36 | D        | Reached XP level 2. HP: 31/31 MP: 2/2
    36 | D        | Reached XP level 3. HP: 36/36 MP: 3/3
    36 | D        | Reached XP level 4. HP: 43/43 MP: 4/4
    36 | D        | Reached XP level 5. HP: 48/48 MP: 5/5
    42 | D        | Killed Jessica
    42 | D        | Reached skill level 1 in Dodging
    60 | D        | Reached ** piety under the Shining One
    67 | D        | Reached skill level 7 in Long Blades
   105 | D        | Found a snail-covered altar of Cheibriados.
   120 | D        | Bought a brightly glowing bronze ring for 45 gold pieces
   120 | D        | Identified the ring of Duwkos {rC+ rN+ Dex+3} (You bought it in a shop in the Dungeon)
   121 | D        | Bought a scorched wooden ring for 45 gold pieces
   121 | D        | Identified the ring "Oromat" {rElec AC+2 Str+5 Dex-5 SInv} (You bought it in a shop in the Dungeon)
   122 | D        | Bought a slimy bone amulet for 45 gold pieces
   122 | D        | Identified the amulet of Joshre {RegenMP MR+ Str+2} (You bought it in a shop in the Dungeon)
   135 | D        | Found Ilumuraoff's Premium Goods.
   135 | D        | Found Ecuimef's Miscellaneous Merchandise.
   135 | D        | Found Qegux Ysitt's Basic Armour.
   136 | D        | Found Baypp's Weapon Rack.
   140 | D        | Arena points: 6 (+6) [x1]
   145 | D        | Found a basalt altar of Yredelemnul.
   146 | D        | Found a corrupted altar of Lugonu.
   147 | D        | Found an opulent altar of Gozag.
   148 | D        | Found Ixat's Do-It-Yourself Clinic.
   148 | D        | Found a radiant altar of Vehumet.
   148 | D        | Found a shadowy altar of Dithmenos.
   148 | D        | Found Goci's Distillery.
   149 | D        | Found Vafutzin's Bottled Wisdom.
   149 | D        | Found Hathrad's Distillery.
   152 | D        | Round 2.
   177 | D        | Reached skill level 7 in Shields
   185 | D        | Reached skill level 2 in Dodging
   241 | D        | Arena points: 34 (+28) [x2]
   241 | D        | Reached XP level 6. HP: 56/56 MP: 6/6
   291 | D        | Round 3.
   292 | D        | Noticed an orange demon
   292 | D        | Reached *** piety under the Shining One
   309 | D        | HP: 14/56 [orange demon (4)]
   315 | D        | HP: 14/56 [orange demon (3)]
   316 | D        | Noticed an orange demon
   318 | D        | Killed an orange demon
   318 | D        | Reached skill level 9 in Fighting
   318 | D        | Reached skill level 9 in Long Blades
   318 | D        | Reached skill level 9 in Armour
   318 | D        | Reached skill level 5 in Dodging
   318 | D        | Reached skill level 8 in Shields
   318 | D        | Reached XP level 7. HP: 33/64 MP: 7/7
   329 | D        | Killed an orange demon
   329 | D        | Reached **** piety under the Shining One
   329 | D        | Reached skill level 10 in Fighting
   329 | D        | Reached skill level 10 in Armour
   329 | D        | Reached skill level 6 in Dodging
   329 | D        | Reached skill level 9 in Shields
   337 | D        | Noticed an orange demon
   339 | D        | Noticed an orange demon
   342 | D        | HP: 16/66 [poisoned by an orange demon]
   344 | D        | Bought a potion of curing for 21 gold pieces
   396 | D        | Noticed an orange demon
   396 | D        | Reached ***** piety under the Shining One
   398 | D        | HP: 16/66 [poisoned by an orange demon]
   400 | D        | Killed an orange demon
   400 | D        | Reached skill level 10 in Long Blades
   400 | D        | Reached skill level 7 in Dodging
   400 | D        | Reached XP level 8. HP: 27/74 MP: 8/8
   406 | D        | Bought a potion of curing for 21 gold pieces
   423 | D        | HP: 18/74 [poisoned by an orange demon]
   426 | D        | HP: 8/74 [poisoned by an orange demon]
   427 | D        | Killed an orange demon
   427 | D        | Reached skill level 10 in Shields
   427 | D        | Reached skill level 2 in Invocations
   430 | D        | Killed an orange demon
   430 | D        | Reached skill level 11 in Fighting
   430 | D        | Reached skill level 11 in Armour
   430 | D        | Reached skill level 8 in Dodging
   430 | D        | Reached XP level 9. HP: 32/81 MP: 9/11
   453 | D        | Arena points: 52 (+18) [x1]
   468 | D        | Round 4.
   471 | D        | Noticed a black mamba
   480 | D        | HP: 16/81 [black mamba (10)]
   481 | D        | HP: 2/81 [black mamba (14)]
   482 | D        | Killed a black mamba
   482 | D        | Reached skill level 11 in Long Blades
   482 | D        | Reached skill level 3 in Invocations
   483 | D        | Succumbed to a black mamba's poison

Vault maps used:
D:        arena_sprint

Skill      XL: |  1  2  3  4  5  6  7  8  9 |
---------------+----------------------------+-----
Fighting       | 7 9 10 11 | 11.4
Long Blades    | 6 7 9 10 11 | 11.1
Armour         | 7 9 10 11 | 11.5
Shields        | 6 7 8 9 10 | 10.6
Dodging        | 2 5 7 8 |  8.3
Invocations    | 2 3 |  3.5

Action                   |  1- 3 |  4- 6 |  7- 9 || total
-------------------------+-------+-------+-------++-------
Melee: Long sword        |     7 |    43 |    38 ||    88
       Unarmed           |     2 |     3 |       ||     5
 Abil: Hop               |       |       |     1 ||     1
Evoke: Wand              |       |       |     7 ||     7
  Use: Potion            |     1 |     2 |     5 ||     8
Armor: Scale mail        |       |    24 |    15 ||    39
       Skin              |       |     1 |       ||     1
Dodge: Dodged            |     2 |    23 |    26 ||    51
Block: Shield            |     1 |    19 |    27 ||    47
       Rpst.: Long sword |       |     8 |     3 ||    11

Table legend:
 A = Spawn XP
 B = Non-spawn XP
 C = Spawn XP percentage of total XP
 D = Spawn monster count
 E = Non-spawn monster count
 F = Spawn count percentage of total count
 G = Total turns spent on level
                    A         B        C        D         E        F      G
               +---------+---------+-------+---------+---------+-------+---------
         Total |       0 |    2867 |   0.0 |       0 |      17 |   0.0 |   483
               +---------+---------+-------+---------+---------+-------+---------
             D |       0 |    2867 |   0.0 |       0 |      17 |   0.0 |   483
               +---------+---------+-------+---------+---------+-------+---------

Vault maps used:
D:        arena_sprint

Table legend:
 A = Turns spent in this place as a percentage of turns spent in the entire game.
 B = Non-inter-level travel turns spent in this place as a percentage of non-inter-level travel turns spent in the entire game.
 C = Inter-level travel turns spent in this place as a percentage of turns spent in this place.
 D = Turns resting spent in this place as a percentage of non-inter-level travel turns spent in this place.
 E = Turns spent auto-exploring this place as a percentage of non-inter-level travel turns spent in this place.
 F = Non-inter-level travel turns spent in this place divided by the number of levels of this place that you've seen.
                   A       B       C       D       E      F
               +-------+-------+-------+-------+-------+----------------------
         Total | 100.0 | 100.0 |   0.0 |  29.2 |  19.9 | 483.0
       Dungeon | 100.0 | 100.0 |   0.0 |  29.2 |  19.9 | 483.0
               +-------+-------+-------+-------+-------+----------------------

Table legend:
 A = Kills in this place as a percentage of kills in entire the game.
 B = Kills by you in this place as a percentage of kills by you in the entire game.
 C = Kills by friends in this place as a percentage of kills by friends in the entire game.
 D = Other kills in this place as a percentage of other kills in the entire game.
 E = Experience gained in this place as a percentage of experience gained in the entire game.
 F = Experience gained in this place divided by the number of levels of this place that you have seen.
                   A       B       C       D       E      F
               +-------+-------+-------+-------+-------+----------------------
         Total | 100.0 | 100.0 |   N/A |   N/A | 100.0 | 2867.0
       Dungeon | 100.0 | 100.0 |   N/A |   N/A | 100.0 | 2867.0
               +-------+-------+-------+-------+-------+----------------------
